 Dungeon Crawl Stone Soup version 0.29-a0-341-g24ffce5b50 (webtiles) character file.

Game seed: 9282940138915771615

115 spaghetti the Ruffian (level 5, -7/42 HPs)
             Began as a Vine Stalker Berserker on Apr 20, 2022.
             Was a Follower of Trog.
             Mangled by a gnoll
             ... wielding a +0 flail
              (12 damage)
             ... on level 3 of the Dungeon.
             The game lasted 00:01:50 (1424 turns).

spaghetti the Ruffian (Vine Stalker Berserker)      Turns: 1424, Time: 00:01:51

Health: -7/42      AC:  2    Str: 22    XL:     5   Next: 0%
Magic:  0/6        EV: 12    Int:  7    God:    Trog [*.....]
Gold:   59         SH:  0    Dex: 13    Spells: 4/4 levels left

rFire   . . .      SeeInvis .   i - +3 quarterstaff (chaos) {staff}
rCold   . . .      Faith    .   (shield currently unavailable)
rNeg    . . .      Spirit   +   a - +0 animal skin
rPois   .          Reflect  .   (no helmet)
rElec   .          Harm     .   (no cloak)
rCorr   .          Rampage  .   (no gloves)
Will    +....                   (no boots)
Stlth   ..........              m - amulet of magic regeneration {@e2}
HPRegen 0.94/turn               c - ring of willpower
MPRegen 0.50/turn               (no ring)

@: berserking, very quick
A: fangs 2, regeneration 1, magic shield, antimagic bite, no potion heal 2
a: Renounce Religion, Berserk


You were on level 3 of the Dungeon.
You worshipped Trog.
Trog was aware of your devotion.
You visited 1 branch of the dungeon, and saw 3 of its levels.

You collected 59 gold pieces.


Innate Abilities, Weirdness & Mutations

You have extremely sharp teeth.
Your natural rate of healing is unusually fast.
When hurt, damage is shared between your health and your magic reserves.
Your bite disrupts and absorbs the magic of your enemies.
Potions cannot restore your health.


   Skills:
 + Level 3.4 Fighting
 * Level 2.1 Armour
 - Level 1.5 Dodging
 - Level 4.6 Unarmed Combat


You had 4 spell levels left.
You didn't know any spells.
Your spell library was empty.

Inventory:

Hand Weapons
 i - a +3 quarterstaff of chaos (weapon) {staff}
   (You took it off Crazy Yiuf on level 2 of the Dungeon)
Missiles
 f - 18 stones (quivered) {throwing}
Armour
 a - a +0 animal skin (worn)
 j - a +0 cloak
   (You took it off Crazy Yiuf on level 2 of the Dungeon)
Jewellery
 c - a ring of willpower (left hand)
   (You found it on level 1 of the Dungeon)
 m - an amulet of magic regeneration (around neck) {@e2}
   (You found it on level 2 of the Dungeon)
Scrolls
 b - a scroll of blinking {unknown}
 e - a scroll of enchant armour {unknown}
 g - a scroll of noise {unknown}
 k - 3 scrolls of teleportation {unknown}
 l - a scroll of fog {unknown}
 n - a scroll of identify {unknown}
Potions
 d - a potion of cancellation {unknown}
 h - 2 potions of haste {unknown}

Dungeon Overview and Level Annotations

Branches:
Dungeon (3/15)

Altars:

#.# #.# #.#<# # #.####
#.#.# #. .....# #.#.# #.
#.##.# #.#.# #.. #.##.#
#.#.#
.###..##.##.#####.#.#
......(..##.........####
#((g@))/............#
#..(.####(..)......###..
(.# #.#........# .
#.#.######.# #.#.# #...
#.#.# ###.# #.#.# .#
....# #


You could see a gnoll (strong).


Message History

You throw a stone {throwing}.
The stone {throwing} closely misses the gnoll.
The gnoll closely misses you.
A gnoll comes into view. It is wielding a +0 whip.
You throw a stone {throwing}. The gnoll shouts!
The stone {throwing} hits the gnoll but does no damage.
The gnoll hits you from afar with a +0 spear.
You throw a stone {throwing}. The stone {throwing} hits the gnoll.
The gnoll hits you from afar with a +0 spear.
You are too injured to fight recklessly!
You are too injured to fight recklessly!
You are too injured to fight recklessly!
You are too injured to fight recklessly!
You are too injured to fight recklessly!
You are too injured to fight recklessly!
You are too injured to fight recklessly!
You are too injured to fight recklessly! 😕 HP[-2] MP[-1]
You take 2 damage, and now have 22/24 hp.
You lost 1 mp, and now have 4/5 mp.
You are too injured to fight recklessly!
You are too injured to fight recklessly!
You are too injured to fight recklessly!
You are too injured to fight recklessly!
You are too injured to fight recklessly!
You are too injured to fight recklessly!
You are too injured to fight recklessly!
You are too injured to fight recklessly!
You are too injured to fight recklessly!
The gnoll closely misses you.
You see here a wand of flame (6). 😕 HP[+1] MP[+1]
Your mp is fully restored (5).
You sock the gnoll! Lightning courses through the gnoll!
You kill the gnoll!
Trog accepts your kill. 😎 HP[+1]
Your hp is fully restored (24).
The gnoll closely misses you.
Things that are here:
a +0 spear {polearm}; 3 stones {throwing}; a gnoll corpse You hit the gnoll.
Your bite misses the gnoll.
A gnoll comes into view. It is wielding a +0 spear.
The gnoll hits you with a +0 whip. x2 😮 HP[-7]
You take 7 damage, and now have 17/24 hp.
MASSIVE DAMAGE!! (PAUSE)
You hit the gnoll. You drain the gnoll. Your bite misses the gnoll.
The gnoll misses you. 😮 HP[+1]
You hit the gnoll.
You kill the gnoll!
Trog accepts your kill.
Your Armour skill increases to level 2! 😕 HP[+1]
You see here a +0 whip {mace}. 😕 HP[+1]
The gnoll barely misses you.
Things that are here:
a stone {throwing}; 12 gold pieces; 😕 HP[+1]
You sock the gnoll!
Space warps around the gnoll.
You kill the gnoll!
Trog accepts your kill.
You have reached level 5! 😕 HP[+5] MP[+1]
You now have 28 max hp (+4).
You regained 5 hp, and now have 26/28 hp.
Your mp is fully restored (6).
A gnoll comes into view. It is wielding a +0 flail. 😎 HP[+2]
Your hp is fully restored (28).
A gnoll is nearby!
A gnoll is nearby!
A gnoll is nearby!
A gnoll is nearby!
You throw a stone {throwing}.
The stone {throwing} closely misses the gnoll.
The gnoll shouts!
You throw a stone {throwing}.
The stone {throwing} hits the gnoll but does no damage.
You throw a stone {throwing}.
The stone {throwing} hits the gnoll but does no damage.
You throw a stone {throwing}. The stone {throwing} hits the gnoll.
You hit the gnoll. You freeze the gnoll. Your bite misses the gnoll.
The gnoll closely misses you.
You closely miss the gnoll. The gnoll closely misses you.
You hit the gnoll.
The gnoll seems to grow stronger.
You bite the gnoll. You drain its power. The gnoll hits you with a +0 flail!
The gnoll hits you with a +0 flail!!
Ouch! That really hurt!
* * * LOW HITPOINT WARNING * * *
😱 HP[-25] MP[-6]
You take 25 damage, and now have 3/28 hp.
MASSIVE DAMAGE!! (PAUSE)
You lost 6 mp, and now have 0/6 mp.
A red film seems to cover your vision as you go berserk!
You feel yourself moving faster!
You feel mighty! The gnoll hits you with a +0 flail!
You die...

Skill      XL: |  1  2  3  4 |
---------------+-------------+-----
Unarmed Combat | 4 |  4.6
Fighting       | 3 |  3.4
Armour         | 2 |  2.1
Dodging        | |  1.5

Action                   |  1- 3 |  4- 6 || total
-------------------------+-------+-------++-------
Melee: Unarmed           |    40 |       ||    40
       Bite              |    11 |     4 ||    15
       Quarterstaff      |     3 |    25 ||    28
Throw: Stone             |     1 |    29 ||    30
Invok: Berserk           |     1 |     1 ||     2
 Stab: Sleeping          |     2 |     1 ||     3
Armor: Animal skin       |    11 |     4 ||    15
Dodge: Dodged            |    28 |    16 ||    44

Levels and vault maps discovered:
D:1:      dpeg_arrival_refuge, layout_basic
D:2:      layout_loops_ring, shapermc_ecumenical_altar_totnotflames,
          uniq_crazy_yiuf_cottage
D:3:      layout_loops_ring, uniq_terence, uniq_grinder

Notes
Turn   | Place    | Note
-------+----------+-------------------------------------------
     0 | D:1      | spaghetti the Vine Stalker Berserker began the quest for
                  | the Orb.
     0 | D:1      | Reached XP level 1. HP: 11/11 MP: 2/2
     0 | D:1      | magus.rc [v1.9.6]
   261 | D:1      | Reached XP level 2. HP: 12/16 MP: 3/3
   769 | D:1      | Reached skill level 4 in Unarmed Combat
   826 | D:2      | Found a faded altar of an unknown god.
   871 | D:2      | Found a runed translucent door.
   872 | D:2      | Noticed Crazy Yiuf
   945 | D:2      | Killed Crazy Yiuf
   946 | D:2      | Reached XP level 3. HP: 19/19 MP: 4/4
   972 | D:2      | Gained mutation: Your natural rate of healing is unusually
                  | fast. [Vine Stalker growth]
   972 | D:2      | Reached XP level 4. HP: 17/23 MP: 2/5
  1057 | D:2      | Reached skill level 3 in Fighting
  1411 | D:3      | Reached skill level 2 in Armour
  1414 | D:3      | Reached XP level 5. HP: 26/28 MP: 6/6
  1423 | D:3      | HP: 3/28 [gnoll/+0 flail (15)]
  1424 | D:3      | Mangled by a gnoll

Vanquished Creatures
  Crazy Yiuf (D:2)
  3 gnolls (D:3)
  3 adders
  2 dart slugs (D:1)
  A ball python (D:1)
  4 endoplasms
  A giant cockroach (D:1)
  3 goblins
  2 hobgoblins (D:1)
  A kobold (D:1)
  2 quokkas (D:2)
  4 bats
  A frilled lizard (D:1)
  3 rats
31 creatures vanquished.

Table legend:
 A = Non-vault XP
 B = Vault XP
 C = Vault XP percentage of total XP
 D = Non-vault monster count
 E = Vault monster count
 F = Vault count percentage of total count
                 A         B        C        D         E       F
            +---------+---------+-------+---------+---------+-------
      Total |     126 |      39 |  23.6 |      30 |       1 |   3.2
            +---------+---------+-------+---------+---------+-------
        D:1 |      31 |       0 |   0.0 |      16 |       0 |   0.0
        D:2 |      35 |      39 |  52.7 |       8 |       1 |  11.1
        D:3 |      60 |       0 |   0.0 |       6 |       0 |   0.0
            +---------+---------+-------+---------+---------+-------

Illustrated notes

Table legend:
 A = Kills in this place as a percentage of kills in entire the game.
 B = Kills by you in this place as a percentage of kills by you in the entire game.
 C = Kills by friends in this place as a percentage of kills by friends in the entire game.
 D = Other kills in this place as a percentage of other kills in the entire game.
 E = Experience gained in this place as a percentage of experience gained in the entire game.
 F = Experience gained in this place divided by the number of levels of this place that you have seen.
                   A       B       C       D       E      F
               +-------+-------+-------+-------+-------+----------------------
         Total | 100.0 | 100.0 |   N/A |   N/A | 100.0 |  55.0
       Dungeon | 100.0 | 100.0 |   N/A |   N/A | 100.0 |  55.0
               +-------+-------+-------+-------+-------+----------------------

Table legend: (Time is in decaauts)
 A = Elapsed time spent in this place.
 B = Non-inter-level travel time spent in this place.
 C = Inter-level travel time spent in this place.
 D = Time resting spent in this place.
 E = Time spent auto-exploring this place.
 F = Levels seen in this place.
 G = Mean time per level.
                   A        B        C        D        E       F      G
               +--------+--------+--------+--------+--------+-----+--------+
         Total |   1440 |   1393 |     47 |    185 |    986 |   3 |  480.0 |
       Dungeon |   1440 |   1393 |     47 |    185 |    986 |   3 |  480.0 |
               +--------+--------+--------+--------+--------+-----+--------+

Top non-repeatable levels by time:
     D:1: 790 daAuts
     D:2: 578 daAuts
     D:3: 71 daAuts
